 Dungeon Sprint DCSS version 0.28.0-43-g3370ac3207 (webtiles) character file.

Game seed: 9522937530570567851

549 boopmooplesden the Cleaver (level 7, -7/111 HPs)
             Began as a Hill Orc Berserker on Mar 2, 2022.
             Was an Elder of Trog.
             Mangled by a wyvern (8 damage)
             ... in the Dungeon (Sprint II: "The Violet Keep of Menkaure").
             The game lasted 00:00:51 (444 turns).

boopmooplesden the Cleaver (Hill Orc Berserker)      Turns: 444, Time: 00:00:52

Health: -7/111     AC:  2    Str: 22    XL:     7   Next: 28%
Magic:  7/7        EV: 13    Int:  7    God:    Trog [****..]
Gold:   486        SH:  0    Dex: 10    Spells: 6/6 levels left

rFire   . . .      SeeInvis .   a - +0 hand axe
rCold   . . .      Faith    .   (no shield)
rNeg    . . .      Spirit   .   b - +0 animal skin
rPois   .          Reflect  .   (no helmet)
rElec   .          Harm     .   (no cloak)
rCorr   .          Rampage  .   (no gloves)
Will    .....      NoTele   +   (no boots)
Stlth   ..........              (no amulet)
HPRegen 0.28/turn               (no ring)
MPRegen 0.10/turn               (no ring)

@: berserking, very quick
A: no striking features
a: Renounce Religion, Berserk, Trog's Hand, Brothers in Arms


You were in the Dungeon.
You worshipped Trog.
Trog was greatly pleased with you.
You visited 1 branch You collected 486 gold pieces.

Inventory:

Hand Weapons
 a - a +0 hand axe (weapon)
Armour
 b - a +0 animal skin (worn)
Scrolls
 h - a scroll of blinking
Potions
 c - a potion of curing
 d - a potion of heal wounds
 e - a potion of haste
 f - 2 potions of magic
 g - a potion of berserk rage


   Skills:
 + Level 11.1 Fighting
 + Level 14.2 Axes
 + Level 3.9 Armour
 + Level 4.8 Dodging
 + Level 0.3 Stealth


You had 6 spell levels left.
You didn't know any spells.
Your spell library was empty.

Dungeon Overview and Level Annotations

Branches:
Dungeon (1/1)

Altars:


Message History

The wyvern is moderately wounded.
The wyvern bites you!
The wyvern hisses menacingly.
You closely miss the wyvern.
The wyvern is moderately wounded.
The wyvern bites you!
You hit the wyvern but do no damage. Your punch misses the wyvern.
The wyvern is moderately wounded.
The wyvern misses you.
You barely miss the wyvern.
The wyvern is moderately wounded.
The wyvern bites you!
* * * LOW HITPOINT WARNING * * *
A red film seems to cover your vision as you go berserk!
You feel yourself moving faster!
You feel mighty! The wyvern barely misses you. The wyvern bites you!
* * * LOW HITPOINT WARNING * * *
Unknown command.
Unknown command.
Unknown command.
Unknown command.
Unknown command.
Unknown command.
You slash the wyvern!
The wyvern is almost dead.
You slash the wyvern!
You kill the wyvern!
Trog accepts your kill.
You can now call in reinforcements.
Your Fighting skill increases to level 11!
Your Axes skill increases to level 14!
You have reached level 7!
The wyvern closely misses you.
There is an open door, spattered with blood here.
You slash the wyvern!
The wyvern is heavily wounded.
The wyvern barely misses you.
You hit the wyvern.
The wyvern is severely wounded.
The wyvern bites you!
You die...

##'## ##.#.#
#..##†#
##..#####
##'###.##
##.##...# .#
+.<.÷.##'..#
##.##...#....#
#@###.##.....
#.#l# ## ..§.
#.# #.# ≈≈. ##
## §§≈


You could see a wyvern.

Vanquished Creatures
  A wyvern (D)
  Menkaure (D)
  A water moccasin (D)
  4 necrophages (D)
  3 worms (D)
10 creatures vanquished.

Notes
Turn   | Place    | Note
-------+----------+-------------------------------------------
     0 | D        | boopmooplesden the Hill Orc Berserker began the quest for
                  | the Orb.
     0 | D        | Reached XP level 1. HP: 19/19 MP: 1/1
    14 | D        | Reached skill level 5 in Axes
    14 | D        | Reached XP level 2. HP: 28/28 MP: 2/2
    17 | D        | Noticed a lava snake
    17 | D        | Noticed a lava snake
    17 | D        | Noticed a lava snake
    18 | D        | Noticed a lava snake
    27 | D        | Reached ** piety under Trog
    53 | D        | Noticed a necrophage
    53 | D        | Noticed a necrophage
    53 | D        | Noticed a necrophage
    53 | D        | Noticed a necrophage
    61 | D        | Killed a necrophage
    62 | D        | Reached skill level 8 in Axes
    62 | D        | Reached XP level 3. HP: 24/39 MP: 3/3
    62 | D        | Reached XP level 4. HP: 29/47 MP: 4/4
    74 | D        | Killed a necrophage
    75 | D        | Reached skill level 10 in Axes
    75 | D        | Reached XP level 5. HP: 15/56 MP: 5/5
    80 | D        | Killed a necrophage
    81 | D        | Reached skill level 11 in Axes
    81 | D        | Reached XP level 6. HP: 25/64 MP: 6/6
    83 | D        | Killed a necrophage
    83 | D        | Reached *** piety under Trog
    84 | D        | Reached skill level 10 in Fighting
    84 | D        | Reached skill level 12 in Axes
   123 | D        | Noticed Menkaure
   127 | D        | Killed Menkaure
   128 | D        | Reached skill level 13 in Axes
   129 | D        | Noticed a water moccasin
   134 | D        | Killed a water moccasin
   430 | D        | Noticed a wyvern
   430 | D        | Noticed a wyvern
   439 | D        | HP: 1/100 [wyvern (12)]
   441 | D        | Killed a wyvern
   441 | D        | Reached **** piety under Trog
   442 | D        | Reached skill level 14 in Axes
   442 | D        | Reached XP level 7. HP: 1/74 MP: 7/7
   444 | D        | Mangled by a wyvern

Illustrated notes

Levels and vault maps discovered:
D:        the_violet_keep_of_menkaure [sprint2_stairs_cluster_1,
          sprint2_shoproom, sprint2_temple, sprint2_basic_supplies,
          sprint2_obstacle_1, sprint2_obstacle_7, sprint2_obstacle_5,
          sprint2_obstacle_3, sprint2_obstacle_2, sprint2_timed_cluster_1,
          sprint2_smallroom_cluster_1, sprint2_smallroom_final_cluster_1,
          sprint2_transparent_cluster_1, sprint2_second_timed_cluster_1,
          sprint2_sniper_area_1, sprint2_heavy_combat_area_1,
          sprint2_mutation_trap_area_1, sprint2_forest_area_1,
          sprint2_light_combat_area_1, sprint2_behind_water_1,
          sprint2_near_end_vault_1]

Skill      XL: |  1  2  3  4  5  6 |
---------------+-------------------+-----
Fighting       | 4 7 8 9 11 | 11.1
Axes           | 5 8 10 11 14 | 14.2
Armour         | 3 |  3.9
Dodging        | 2 3 4 |  4.8
Stealth        | |  0.3

Action                   |  1- 3 |  4- 6 |  7- 9 || total
-------------------------+-------+-------+-------++-------
Melee: Hand axe          |    23 |    35 |     2 ||    60
Invok: Berserk           |     1 |     2 |       ||     3
Armor: Animal skin       |     1 |       |       ||     1
Dodge: Dodged            |    11 |    12 |     2 ||    25
